 Dungeon Crawl Stone Soup version 0.28.0-47-ge53b351184 (webtiles) character file.

Game seed: 9215313607997183294

44 Gabide the Grave Robber (level 3, -2/26 HPs)
             Began as a Mummy Necromancer on May 6, 2022.
             Was a Follower of Qazlal.
             Slain by an ogre
             ... wielding a +0 giant spiked club
              (28 damage)
             ... on level 2 of the Dungeon.
             The game lasted 00:02:58 (2622 turns).

Gabide the Grave Robber (Mummy Necromancer)         Turns: 2622, Time: 00:03:01

Health: -2/26      AC:  3    Str: 11    XL:     3   Next: 39%
Magic:  4/7        EV: 12    Int: 16    God:    Qazlal [*.....]
Gold:   71         SH:  1    Dex: 12    Spells: 4/8 levels left

rFire   x . .      SeeInvis .   (no weapon)
rCold   + . .      Faith    .   (no shield)
rNeg    + + +      Spirit   .   a - +1 robe
rPois   ∞          Reflect  .   (no helmet)
rElec   .          Harm     .   (no cloak)
rCorr   .          Rampage  .   (no gloves)
Will    .....                   (no boots)
Stlth   ++........              (no amulet)
HPRegen 0.08/turn               (no ring)
MPRegen 0.10/turn               (no ring)

@: no status effects
A: cold resistance 1, negative energy resistance 3, torment resistance 2, heat
vulnerability 1, no potions
a: Renounce Religion


You were on level 2 of the Dungeon.
You worshipped Qazlal.
Qazlal was aware of your devotion.
You visited 1 branch of the dungeon, and saw 2 of its levels.

You collected 71 gold pieces.

Inventory:

Armour
 a - a +1 robe (worn)
Scrolls
 c - a scroll of magic mapping


   Skills:
 * Level 1.3 Fighting
 * Level 2.0 Dodging
 - Level 1.5 Stealth
 + Level 0.6 Unarmed Combat
 * Level 3.3 Spellcasting
 * Level 4.2 Necromancy


You had 4 spell levels left.
You knew the following spells:

 Your Spells              Type           Power      Damage    Failure   Level
a - Pain                  Necr           64%        1d7       3%          1
b - Vampiric Draining     Necr           16%        2d7       10%         3

Your spell library contained the following spells:

 Spells                   Type           Power      Damage    Failure   Level
 Animate Skeleton         Necr           32%        N/A       3%          1
 Animate Dead             Necr           8%         N/A       30%         4
 Agony                    Necr           16%        N/A       65%         5


Dungeon Overview and Level Annotations

Branches:
Dungeon (2/15)

Altars:
Qazlal

Annotations:
D:2 exclusion: ogre


Innate Abilities, Weirdness & Mutations

You are immune to poison.
Your flesh is cold resistant. (rC+)
You are immune to negative energy. (rN+++)
You are immune to unholy pain and torment.
You are vulnerable to heat. (rF-)
You do not drink.


Message History

The ogre closely misses you.
There is a stone staircase leading up here.
Casting: Pain (safe; 3% risk of failure)
Confirm with . or Enter, or press ? or * to list all spells.
The spell is quite dangerous to miscast (10% risk of failure)!
Continue anyway?
Aiming: Vampiric Draining (quite dangerous; 10% risk of failure)
Press: ? - help, Shift-Dir - straight line, f - ogre
Aim: an ogre, wielding a +0 giant spiked club You draw life force from the ogre.
The ogre hits you with a +0 giant spiked club!!
Ouch! That really hurt!
* * * LOW HITPOINT WARNING * * *
There is a stone staircase leading up here.
You climb upwards.
There is a stone staircase leading down here.
You start resting.
Magic restored.
You start resting.
HP restored.
As you read the scroll labelled MIM HE TUEGH, it crumbles to dust.
It is a scroll of identify.
c - a scroll of magic mapping
As you read the scroll of identify, it crumbles to dust.
d - a scroll of enchant armour
As you read the scroll of enchant armour, it crumbles to dust.
Your +0 robe glows green for a moment.
You climb downwards.
Level annotation: exclusion: ogre The ogre barely misses you.
There is a stone staircase leading up here.
Casting: Vampiric Draining (quite dangerous; 10% risk of failure)
Confirm with . or Enter, or press ? or * to list all spells.
The spell is quite dangerous to miscast (10% risk of failure)!
Continue anyway?
Aiming: Vampiric Draining (quite dangerous; 10% risk of failure)
Press: ? - help, Shift-Dir - straight line, f - ogre
Aim: an ogre, wielding a +0 giant spiked club You draw life force from the ogre.
The ogre hits you with a +0 giant spiked club!!
Ouch! That really hurt!
You die...

.......###.## #.#######
#######.#.## #.##### # ##.##
###.....### # #.# #.......... #
#.# ########.#####.### # #.#
#..........# #.# # ########.#
#.######.#.###.### .........# #O#
##.#.#......
########.#######@#####......#.###
# #......................##. #
#............[#........... #
#########.###.......>#.##. # #.#
####.#.###.### # #.# #.#.# #....
# #.######.#.#######
#.................
##################


You could see an ogre.

Vanquished Creatures
  An adder (D:2)
  2 dart slugs (D:1)
  2 bats (D:2)
  2 endoplasms (D:1)
  3 giant cockroaches (D:1)
  3 hobgoblins (D:2)
  3 jackals (D:1)
  A ball python (D:2)
  2 goblins (D:1)
  7 kobolds
  3 rats
29 creatures vanquished.

Notes
Turn   | Place    | Note
-------+----------+-------------------------------------------
     0 | D:1      | Gabide the Mummy Necromancer began the quest for the Orb.
     0 | D:1      | Reached XP level 1. HP: 13/13 MP: 4/4
   433 | D:1      | Reached XP level 2. HP: 11/20 MP: 0/6
  1348 | D:2      | Noticed an ogre
  1539 | D:2      | Reached skill level 1 in Fighting
  1539 | D:2      | Reached XP level 3. HP: 26/26 MP: 4/7
  1547 | D:2      | Learned a level 3 spell: Vampiric Draining
  1719 | D:2      | Found a faded altar of an unknown god.
  1725 | D:2      | Prayed at the altar of an unknown god.
  1725 | D:2      | Became a worshipper of Qazlal Stormbringer
  1725 | D:2      | Reached * piety under Qazlal
  2622 | D:2      | Slain by an ogre

Illustrated notes

Levels and vault maps discovered:
D:1:      minmay_arrival_four_houses, layout_basic, serial_bayou_ford_a,
          minmay_pentomino_s4
D:2:      layout_loops_ring, chequers_ecumenical_altar_simple

Skill      XL: |  1  2  3 |
---------------+----------+-----
Spellcasting   | 3 |  3.3
Fighting       | 1 |  1.3
Dodging        | 2 |  2.0
Stealth        | |  1.5
Unarmed Combat | |  0.6
Necromancy     | |  4.2

Action                   || total
-------------------------++-------
Melee: Unarmed           ||    25
 Cast: Pain              ||    59
       Vampiric Draining ||     2
  Use: Scroll            ||     3
Armor: Robe              ||     2
Dodge: Dodged            ||    21
